 Dungeon Crawl Stone Soup version 0.13.0-67-g7ee5eca (webtiles) character file.

428 Lilouch the Firebug (level 5, 0/35 HPs)
             Began as a Mummy Fire Elementalist on Nov 27, 2013.
             Slain by an orc priest
             ... wielding a -1,+1 orcish dagger
              (2 damage)
             ... on Level 5 of the Dungeon.
             The game lasted 00:20:56 (4190 turns).

Lilouch the Firebug (Mummy Fire Elementalist)       Turns: 4190, Time: 00:20:56

HP   0/35        AC  9     Str 11      XL: 5   Next: 79%
MP   1/10        EV 15     Int 15      God:
Gold 189         SH  0     Dex 12      Spells:  3 memorised,  2 levels left

Res.Fire  : x . .   See Invis. : .   D - +1 flail (protect)
Res.Cold  : + . .   Warding    : .   o - +0 elf robe
Life Prot.: + + +   Conserve   : .   (no shield)
Res.Poison: +       Res.Corr.  : .   (no helmet)
Res.Elec. : .       Clarity    : .   (no cloak)
Sust.Abil.: . .     Spirit.Shd : .   E - +0 pair of gloves
Res.Mut.  : .       Stasis     : .   d - +0 pair of boots
Res.Rott. : +       Flight     : .   (no amulet)
Saprovore : . . .                    (no ring)
                                     n - +3 ring of evasion

@: slightly resistant to hostile enchantments, unstealthy
A: no food or potions, fire vulnerability, restore body, cold resistance 1, life
protection 3, poison resistance, torment resistance, unbreathing
a: no special abilities


You were on level 5 of the Dungeon.
You were not hungry.

You visited 1 branch of the dungeon, and saw 5 of its levels.

You collected 169 gold pieces.

Inventory:

Hand weapons
 c - a +0,+0 sling
 e - a cursed -1,-3 orcish mace
 l - a +2,+0 elven dagger
 r - a +1,+4 orcish mace
 s - a cursed +0,-2 orcish dagger
 z - a +0,+0 orcish spear
 D - a +1,+1 flail of protection (weapon)
Missiles
 k - 83 stones (quivered)
 p - 17 poisoned needles
 v - 2 darts of dispersal
 B - 16 steel darts
Armour
 d - a +0 pair of boots (worn)
 o - a +0 elven robe (worn)
 E - a +0 pair of gloves (worn)
Magical devices
 A - a wand of draining (5) {unknown}
Scrolls
 g - 3 scrolls of identify {unknown}
 h - 5 scrolls of remove curse {unknown}
 i - a scroll of curse jewellery {unknown}
 j - 2 scrolls of enchant weapon II {unknown}
 m - 4 scrolls of teleportation {unknown}
 t - 2 scrolls of recharging {unknown}
 u - 2 scrolls of curse weapon {unknown}
 x - a scroll of enchant weapon I {unknown}
Jewellery
 n - a +3 ring of evasion (left hand)
 w - an uncursed ring of ice {unknown}
 C - a cursed ring of hunger {unknown}
Books
 b - a book of Flames

   Spells                             Type                      Level
   *Flame Tongue                      Conjuration/Fire             1
   *Throw Flame                       Conjuration/Fire             2
   *Conjure Flame                     Conjuration/Fire             3
   Inner Flame                        Hexes/Fire                   3
   Sticky Flame                       Conjuration/Fire             4
   Fireball                           Conjuration/Fire             5


   Skills:
 - Level 1.5 Dodging
 - Level 1.5 Stealth
 + Level 2.4 Spellcasting
 + Level 2.5 Conjurations
 * Level 4.2 Fire Magic


You had 2 spell levels left.
You knew the following spells:

 Your Spells              Type           Power        Failure   Level  Hunger
a - Flame Tongue          Conj/Fire      ##...        8%          1    N/A
b - Throw Flame           Conj/Fire      ##....       12%         2    N/A
c - Conjure Flame         Conj/Fire      ##......     21%         3    N/A

Dungeon Overview and Level Annotations

Branches:
Dungeon (5/27)
 Temple: D:4-7

Altars:
Fedhas
Trog

Annotations:
D:2 Sigmund


Innate Abilities, Weirdness & Mutations

You do not eat or drink.
Your flesh is vulnerable to fire.
Your flesh is cold resistant.
You are immune to negative energy.
Your system is resistant to poisons.
You are immune to unholy pain and torment.
You can survive without breathing.


Message History

The orc priest is almost dead.
The orc priest closely misses you.
You barely miss the orc priest.
The orc priest is almost dead.
The orc priest calls down the wrath of Beogh upon you.
Something smites you!
* * * LOW HITPOINT WARNING * * *
Throwing (i - inventory. (,) - cycle):
k - 84 stones (quivered)
Press: ? - help, Shift-Dir - straight line, f/p - orc priest
Aim: an orc priest, wielding an orcish dagger and wearing an orcish ring mail (almost dead)
You throw a stone. The stone misses the orc priest.
The orc priest misses you.
Unknown command.
Casting: Flame Tongue
Confirm with . or Enter, or press ? or * to list all spells.
Aiming: Flame Tongue
Press: ? - help, Shift-Dir - straight line, f/p - orc priest
Aim: an orc priest, wielding an orcish dagger and wearing an orcish ring mail (almost dead)
The flame misses the orc priest.
The orc priest hits you with an orcish dagger.
You die...

#.....).......#
#####..##.....#
.######..##.....#
.........########
########)# #)#
#)# #### #.#
######### ...#
#.# #.@o.(()#
##.## ##.##
#.#####(#
#...###...#####.#
#...............#
#...###...#######
##### ##.## #.#
#%# # ##'##


You could see an orc priest.

Vanquished Creatures
  A scorpion (D:5)
  An orc wizard (D:5)
  An iguana (D:3)
  A worker ant (D:4)
  Terence (D:3)
  6 adders
  An adder skeleton (D:4)
  3 giant geckos
  4 orcs
  A ball python (D:3)
  7 bats
  A bat skeleton (D:4)
  10 goblins
  3 hobgoblins (D:2)
  10 jackals
  A quokka (D:3)
  3 giant newts
  5 kobolds
  6 rats
66 creatures vanquished.

Notes
Turn   | Place    | Note
--------------------------------------------------------------
     0 | D:1      | Lilouch, the Mummy Fire Elementalist, began the quest for the Orb.
     0 | D:1      | Reached XP level 1. HP: 13/13 MP: 3/3
   295 | D:1      | Reached skill level 1 in Conjurations
   355 | D:1      | Reached XP level 2. HP: 19/19 MP: 0/4
   922 | D:2      | Reached skill level 3 in Fire Magic
  1017 | D:2      | Reached XP level 3. HP: 24/24 MP: 4/6
  1263 | D:2      | Found a blossoming altar of Fedhas.
  1471 | D:2      | Noticed Sigmund
  1528 | D:3      | Learned a level 2 spell: Throw Flame
  1701 | D:3      | Noticed Terence
  1745 | D:3      | Killed Terence
  1745 | D:3      | Reached XP level 4. HP: 8/30 MP: 0/7
  2480 | D:2      | Learned a level 3 spell: Conjure Flame
  2496 | D:2      | Found a bloodstained altar of Trog.
  3126 | D:4      | Reached XP level 5. HP: 21/35 MP: 0/9
  3414 | D:4      | Reached skill level 4 in Fire Magic
  3459 | D:5      | Entered Level 5 of the Dungeon
  4190 | D:5      | Slain by an orc priest

Action                   |  1- 3 |  4- 6 || total
-------------------------+-------+-------++-------
Melee: Flail             |       |     8 ||     8
 Fire: Sling             |    39 |    76 ||   115
Throw: Dagger            |       |     4 ||     4
       Stone             |       |     1 ||     1
 Cast: Flame Tongue      |    44 |    61 ||   105
       Conjure Flame     |       |     5 ||     5
